 Dungeon Crawl Stone Soup version 0.29.1-1-gd02db6906a (webtiles) character file.

Game seed: 7926725864407866397

91 hawla the Firebug (level 5, -2/38 HPs)
             Began as a Meteoran Fire Elementalist on Oct 22, 2022.
             Succumbed to their own poison gas
             ... on level 4 of the Dungeon.
             The game lasted 00:06:01 (1013 turns).

hawla the Firebug (Meteoran Fire Elementalist)      Turns: 1013, Time: 00:06:02

Health: -2/38      AC:  4    Str:  9    XL:     5   Next: 12%
Magic:  11/11      EV: 12    Int: 19    God:
Gold:   122        SH:  0    Dex: 14    Spells: 4/11 levels left

rFire   . . .      SeeInvis .   (no weapon)
rCold   . . .      Faith    .   (no shield)
rNeg    . . .      Spirit   .   a - +0 robe
rPois   .          Reflect  .   (no helmet)
rElec   .          Harm     .   (no cloak)
rCorr   .          Rampage  .   (no gloves)
Will    .....                   g - +1 pair of boots
Stlth   +.........              (no amulet)
HPRegen 0.12/turn               (no ring)
MPRegen 0.12/turn               (no ring)

@: lethally poisoned (-2 -> -13), glowing
A: sense surroundings 1, otherworldly, glowing, explore regen
a: no special abilities


You were on level 4 of the Dungeon.
You visited 1 branch of the dungeon, and saw 3 of its levels.

You collected 122 gold pieces.

Inventory:

Armour
 a - a +0 robe (worn)
 g - a +1 pair of boots (worn)
Wands
 i - a wand of paralysis (8) (quivered)
Scrolls
 c - 4 scrolls of identify
Potions
 b - a potion of magic


   Skills:
 - Level 2.5 Dodging
 - Level 1.4 Stealth
 - Level 3.7 Spellcasting
 + Level 2.6 Conjurations
 + Level 5.1 Fire Magic


You had 4 spell levels left.
You knew the following spells:

 Your Spells              Type           Power      Damage    Failure   Level
a - Foxfire               Conj/Fire      72%        2x1d7     3%          1
b - Scorch                Fire           44%        2d7       2%          2
c - Flame Wave            Conj/Fire      18%        2d7       28%         4

Your spell library contained the following spells:

 Spells                   Type           Power      Damage    Failure   Level
 Conjure Flame            Conj/Fire      18%        6-21      9%          3
 Summon Small Mammal      Summ           12%        N/A       14%         1
 Inner Flame              Hex/Fire       13%        N/A       16%         3
 Call Canine Familiar     Summ           3%         N/A       38%         3
 Summon Guardian Golem    Hex/Summ       3%         N/A       38%         3


Dungeon Overview and Level Annotations

Branches:
Dungeon (4/15) Zot: 787
 Temple: D:4-7

Altars:

Shops:
D:4 =!(


Innate Abilities, Weirdness & Mutations

You passively map a small area around you.
You are easily found by Zot.
You glow in the dark.
You regain HP and MP as you explore.


Message History

You kill your butterfly!
Your butterfly disappears in a burst of colours!
Your butterfly is engulfed in poison gas.
Your butterfly is poisoned.
You kill your butterfly!
Your butterfly disappears in a burst of colours!
Your butterfly is engulfed in poison gas.
Your butterfly is poisoned.
You kill your butterfly!
Your butterfly disappears in a burst of colours!
Something hits you but does no damage. The orc hits you with a +0 dagger.
Something hits you. The orc hits you with a +0 dagger.
Something hits you but does no damage. The orc hits you with a +0 dagger.
Your magical contamination has completely faded away.
You feel much better. Something hits you. The orc hits you but does no damage.
You hear some strange, mumbled words.
You are confused.
The orc hits you but does no damage. Something hits you.
The orc closely misses you. Something hits you. The orc barely misses you.
Something hits you. The orc hits you with a +0 dagger.
You hear some strange, mumbled words.
A magic dart appears from out of thin air!
The magic dart hits you. The orc misses you.
You hear some strange, mumbled words.
A puff of flame appears from out of thin air!
The puff of flame hits you! The orc hits you with a +0 dagger.
You bump into the rock wall.
Something barely misses you. The orc hits you with a +0 dagger.
The orc attacks as you move away! The orc barely misses you.
You are engulfed in poison gas.
You are lethally poisoned!
* * * LOW HITPOINT WARNING * * *
You feel less confused.
* * * LOW HITPOINT WARNING * * *
You feel very sick. Something hits you.
* * * LOW HITPOINT WARNING * * *
Magic courses through your body.
You die...

######.###.###
##.. #.###.#
#.. * *
#.....########
#...
##...§........
.... **
#.##°########
###.* ,
#.##°#######*
##.##§.......
##○☼☼#.#######*
##☼§o○@.#
.☼○§.○☼{o#
###☼°.§.##
,,.☼.....## *
#######


You could see 2 orcs.

Vanquished Creatures
  A hound (D:4)
  An adder (D:2)
  2 worms (D:4)
  3 dart slugs
  3 endoplasms
  2 giant cockroaches (D:2)
  4 hobgoblins
  4 jackals (D:4)
  2 kobolds (D:1)
  A quokka (D:1)
  6 ball pythons
  A bat (D:2)
  6 goblins
36 creatures vanquished.

Vanquished Creatures (others)
  68 foxfires
68 creatures vanquished.

Grand Total: 104 creatures vanquished

Notes
Turn   | Place    | Note
-------+----------+-------------------------------------------
     0 | D:1      | hawla the Meteoran Fire Elementalist began the quest for
                  | the Orb.
     0 | D:1      | Reached XP level 1. HP: 14/14 MP: 5/5
    26 | D:1      | Reached XP level 2. HP: 5/20 MP: 0/6
    66 | D:1      | Found a faded altar of an unknown god.
   150 | D:1      | Reached skill level 4 in Fire Magic
   293 | D:1      | Learned a level 2 spell: Scorch
   428 | D:1      | Reached XP level 3. HP: 20/26 MP: 8/8
   500 | D:1      | Glimpsed the power of Zot.
   651 | D:2      | Reached XP level 4. HP: 27/33 MP: 3/10
   666 | D:2      | Learned a level 4 spell: Flame Wave
   680 | D:2      | You fall into a shaft and drop 2 floors!
   739 | D:4      | Found Wiorph's Antique Weapon Shoppe.
   923 | D:4      | Found Hyogunyb's Jewellery Shoppe.
   970 | D:4      | Found Coned's Distillery.
   997 | D:4      | Reached skill level 5 in Fire Magic
   997 | D:4      | Reached XP level 5. HP: 25/38 MP: 2/11
  1012 | D:4      | HP: 1/38 [something (3)]
  1013 | D:4      | Succumbed to their own poison gas

Illustrated notes

Levels and vault maps discovered:
D:1:      dpeg_arrival_long_road, layout_basic, basic_ecumenical_altar
D:2:      layout_loops_ring, serial_glass, glass_columns_c, glass_columns_b
D:4:      layout_loops_ring, serial_shops, nicolae_shop_window_shopping,
          kennysheep_mini, shop, shop

Skill      XL: |  1  2  3  4 |
---------------+-------------+-----
Fire Magic     | 4 5 |  5.1
Spellcasting   | 3 |  3.7
Conjurations   | 2 |  2.6
Dodging        | |  2.5
Stealth        | |  1.4

Action                   |  1- 3 |  4- 6 || total
-------------------------+-------+-------++-------
Melee: Unarmed           |    13 |       ||    13
 Cast: Foxfire           |    31 |    13 ||    44
       Scorch            |     7 |     9 ||    16
  Use: Scroll            |     2 |     3 ||     5
       Potion            |       |     2 ||     2
Armor: Robe              |     1 |     8 ||     9
Dodge: Dodged            |    13 |     9 ||    22
